 Dungeon Crawl Stone Soup version 0.29.1-2-gbd0b4ee654 (webtiles) character file.

Game seed: 14761217177742605384

235 safid the Shooter (level 5, 0/48 HPs)
             Began as a Minotaur Hunter on Nov 4, 2022.
             Slain by Pikel
             ... wielding a +1 whip of freezing
              (1 damage)
             ... on level 4 of the Dungeon.
             The game lasted 00:04:11 (3228 turns).

safid the Shooter (Minotaur Hunter)                 Turns: 3228, Time: 00:04:12

Health: 0/48       AC:  7    Str: 22    XL:     5   Next: 76%
Magic:  4/4        EV: 10    Int:  6    God:
Gold:   156        SH:  0    Dex: 15    Spells: 4/4 levels left

rFire   . . .      SeeInvis .   a - +0 shortbow
rCold   . . .      Faith    .   (shield currently unavailable)
rNeg    . . .      Spirit   .   i - +0 scale mail
rPois   .          Reflect  .   (helmet restricted)
rElec   .          Harm     .   (no cloak)
rCorr   .          Rampage  .   q - +0 pair of gloves
Will    .....                   (no boots)
Stlth   ..........              (no amulet)
HPRegen 0.16/turn               l - +6 ring of strength
MPRegen 0.09/turn               (no ring)

@: no status effects
A: horns 2, retaliatory headbutt
a: no special abilities


You were on level 4 of the Dungeon.
You visited 1 branch of the dungeon, and saw 4 of its levels.

You collected 156 gold pieces.

Inventory:

Hand Weapons
 a - a +0 shortbow (weapon)
Armour
 i - a +0 scale mail (worn)
 q - a +0 pair of gloves (worn)
Jewellery
 l - a +6 ring of strength (left hand)
Wands
 n - a wand of quicksilver (18)
Scrolls
 e - 2 scrolls of enchant weapon {unknown}
 f - a scroll of identify {unknown}
 j - 2 scrolls of amnesia {unknown}
 k - a scroll of acquirement {unknown}
 m - a scroll of vulnerability {unknown}
 o - 2 scrolls of magic mapping {unknown}
 s - a scroll of enchant armour {unknown}
 t - a scroll of summoning {unknown}
Potions
 b - a potion of haste {unknown}
 c - 2 potions of curing
 d - 2 potions of lignification {unknown}
 g - 3 potions of mutation {unknown}
 h - a potion of flight {unknown}
 p - a potion of ambrosia {unknown}
 r - a potion of berserk rage {unknown}


   Skills:
 + Level 5.4 Fighting
 + Level 6.3 Ranged Weapons
 - Level 2.1 Dodging
 - Level 0.7 Stealth


You had 4 spell levels left.
You didn't know any spells.
Your spell library contained the following spells:

 Spells                   Type           Power      Damage    Failure   Level
 Conjure Ball Lightning   Conj/Air       0%         3x3d6     100%        6
 Discord                  Hex            0%         N/A       100%        8
 Disjunction              Tloc           0%         N/A       100%        8


Dungeon Overview and Level Annotations

Branches:
Dungeon (4/15)
 Temple: D:4-7

Altars:
Hepliaklqana
Makhleb

Annotations:
D:4 Pikel


Innate Abilities, Weirdness & Mutations

You have a pair of horns on your head.
You reflexively headbutt those who attack you in melee.


Message History

* * * LOW HITPOINT WARNING * * *
Pikel freezes you.
* * * LOW HITPOINT WARNING * * *
Unknown command.
You feel better.
Pikel hits you with a +1 whip of freezing!
* * * LOW HITPOINT WARNING * * *
Pikel freezes you.
* * * LOW HITPOINT WARNING * * *
Unknown command.
Fire: a) +0 shortbow
Press: ? - help, Q - select action, (/) - cycle Shift-Dir - straight line, f/p - Pikel
Aim: Pikel, wielding a +1 whip of freezing and wearing a +1 robe of willpower (severely wounded, 58% to hit)
You shoot an arrow. The arrow completely misses Pikel.
The arrow closely misses the lemure.
Pikel completely misses you. Pikel barely misses you.
Fire: a) +0 shortbow
Press: ? - help, Q - select action, (/) - cycle Shift-Dir - straight line, f/p - Pikel
Aim: Pikel, wielding a +1 whip of freezing and wearing a +1 robe of willpower (severely wounded, 58% to hit)
You shoot an arrow. The arrow closely misses Pikel.
The arrow barely misses the lemure.
Pikel hits you with a +1 whip of freezing.
* * * LOW HITPOINT WARNING * * *
Pikel freezes you.
* * * LOW HITPOINT WARNING * * *
Fire: a) +0 shortbow
Press: ? - help, Q - select action, (/) - cycle Shift-Dir - straight line, f/p - Pikel
Aim: Pikel, wielding a +1 whip of freezing and wearing a +1 robe of willpower (severely wounded, 58% to hit)
You shoot an arrow. The arrow completely misses Pikel.
The arrow barely misses the lemure.
Pikel barely misses you.
Fire: a) +0 shortbow
Press: ? - help, Q - select action, (/) - cycle Shift-Dir - straight line, f/p - Pikel
Aim: Pikel, wielding a +1 whip of freezing and wearing a +1 robe of willpower (severely wounded, 58% to hit)
You shoot an arrow. The arrow closely misses Pikel.
The arrow closely misses the lemure.
Pikel hits you with a +1 whip of freezing.
* * * LOW HITPOINT WARNING * * *
Pikel freezes you.
You die...

#.###### #.# #.. ..
..# ### #.## .# ###
#.##### ### .#
#.....# .# ####.##
##.## #.# #5!.#
####.## #K#......
#.....# #@# .....
###.....# #.# ...#
........# #.## ..#
###.....########..#
##
..+...............#
.##.....########†..#
........# ....#
###..#### ###...#
##.# ...#


You could see Pikel and a lemure.

Vanquished Creatures
  A scorpion (D:4)
  Terence (D:2)
  Robin (D:2)
  A gnoll (D:1)
  7 adders
  A worm (D:3)
  2 dart slugs
  6 ball pythons
  2 bats
  2 endoplasms
  A giant cockroach (D:1)
  10 goblins
  12 hobgoblins
  2 jackals (D:2)
  3 kobolds
  2 quokkas (D:2)
  4 frilled lizards
  3 rats
61 creatures vanquished.

Notes
Turn   | Place    | Note
-------+----------+-------------------------------------------
     0 | D:1      | safid the Minotaur Hunter began the quest for the Orb.
     0 | D:1      | Reached XP level 1. HP: 18/18 MP: 0/0
   202 | D:1      | Reached XP level 2. HP: 26/26 MP: 1/1
   364 | D:1      | Found a faded altar of an unknown god.
   521 | D:1      | Reached skill level 5 in Ranged Weapons
   521 | D:1      | Reached XP level 3. HP: 31/31 MP: 2/2
  1483 | D:2      | Noticed Terence
  1491 | D:2      | Killed Terence
  1492 | D:2      | Reached XP level 4. HP: 17/40 MP: 3/3
  1821 | D:2      | Noticed Robin
  1826 | D:2      | Killed Robin
  2221 | D:3      | Found a burning altar of Makhleb.
  2404 | D:3      | Reached XP level 5. HP: 47/47 MP: 4/4
  2517 | D:3      | Reached skill level 6 in Ranged Weapons
  2543 | D:3      | Found a hazy altar of Hepliaklqana.
  2760 | D:4      | Reached skill level 5 in Fighting
  2991 | D:4      | Noticed a lemure
  2991 | D:4      | Noticed a lemure
  2991 | D:4      | Noticed Pikel
  2996 | D:4      | Noticed a lemure
  3228 | D:4      | HP: 1/48 [Pikel/+1 whip of freezing (3)]
  3228 | D:4      | Slain by Pikel

Illustrated notes

Levels and vault maps discovered:
D:1:      amcnicky_arrival_blooded_trapdoor, layout_basic,
          chequers_ecumenical_altar_simple, serial_corexii_hall,
          corexii_hall_statues_i, corexii_hall_statues_u
D:2:      minmay_evil_eye, layout_loops_corners, uniq_terence, uniq_robin
D:3:      layout_rooms, nzn_hepliaklqana_mist_gate,
          mainiacjoe_overflow_six_doors_small, chequers_serial_rivers_room_a
D:4:      layout_basic, nicolae_tso_swordbearing_angel,
          minmay_temple_entry_sparse_star, minmay_misc_feat_x, uniq_pikel

Skill      XL: |  1  2  3  4  5 |
---------------+----------------+-----
Fighting       | 3 4 5 |  5.4
Ranged Weapons | 5 6 |  6.3
Dodging        | |  2.1
Stealth        | |  0.7

Action                   |  1- 3 |  4- 6 || total
-------------------------+-------+-------++-------
 Fire: Shortbow          |    79 |   101 ||   180
  Use: Potion            |       |     2 ||     2
Armor: Leather armour    |     3 |       ||     3
       Scale mail        |     2 |    27 ||    29
Dodge: Dodged            |    26 |    30 ||    56
